[Event "*** Titled Tuesday Blitz"]
[Site "Chess.com"]
[Date "2021.02.16"]
[Round "6"]
[White "MaxLeto"]
[Black "lagedema"]
[Result "0-1"]
[WhiteElo "2349"]
[BlackElo "2573"]
[TimeControl "180+1"]
[EndTime "11:08:24 PST"]
[Termination "lagedema won by resignation"]

1. g4 d5 2. Bg2 c6 3. g5 h6 4.
g6 fxg6 5. d4 Bf5 6. Nf3 g5 7.
c4 e6 8. Nc3 Nd7 9. Nd2 Ngf6 10. e4 dxe4 11. Ndxe4 Nxe4 12. Nxe4 Nf6 13. Ng3 Bg6 14.
Qb3 Qb6 15. Qe3 Bf7 16. Bd2 Bb4 17. O-O-O O-O-O 18. Bc3 Rhe8 19. h3 Bg6 20. Rhe1 Kb8 21. a3 Bxc3 22. Qxc3 Qc7 23. Re5 Nd7 24. Re3 Qf4 25. Qd2 Nc5 26. b4 Rxd4 27. Qc3 Nd3+ 28. Rxd3 Rxd3 29. Qe5+ Qxe5 30. Rxe5 Rxa3 31. Be4 Bxe4 32.
Nxe4 Rb3 33. b5 cxb5 34. cxb5 Rc8+ 35. Kd2 Rd8+ 36. Ke2 Rd5 37. Rxe6 Rb2+ 38. Ke3 Rdxb5 39. Nd6 R5b3+ 40. Ke4 a5 41. Re8+ Kc7 42. Nf5 Re2+ 43. Kd5 Rxe8 0-1

[Event "*** Titled Tuesday Blitz"]
[Site "Chess.com"]
[Date "2021.02.16"]
[Round "6"]
[White "ChronicUnhappiness"]
[Black "OriTaichman"]
[Result "0-1"]
[WhiteElo "2326"]
[BlackElo "2554"]
[TimeControl "180+1"]
[EndTime "11:08:24 PST"]
[Termination "OriTaichman won on time"]

1. d4 Nf6 2. c4 g6 3. Nc3 Bg7 4. e4 O-O 5. Nf3 d6 6. Be2 e5 7. O-O Nc6 8. Bg5 h6 9. Be3 Ng4 10. d5 Nxe3 11. fxe3 Ne7 12. Rc1 f5 13. b4 f4 14.
exf4 exf4 15. c5 g5 16. Nd4 Ng6 17. Ne6 Bxe6 18. dxe6 dxc5 19. bxc5 Qd4+ 20. Qxd4 Bxd4+ 21. Kh1 c6 22. Bh5 Rf6 23. Ne2 Be3 24. Rb1 b5 25. cxb6 axb6 26. Rfd1 Rxe6 27. Nd4 Rf6 28. h3 Ne5 29. Nf5 b5 30. Kh2 f3 31. Bxf3 Nxf3+ 32. gxf3 Rxa2+ 33. Kh1 h5 34. Rd7 g4 0-1

[Event "*** Titled Tuesday Blitz"]
[Site "Chess.com"]
[Date "2021.02.16"]
[Round "6"]
[White "Ermito2020"]
[Black "CM_rui"]
[Result "1-0"]
[WhiteElo "2590"]
[BlackElo "2413"]
[TimeControl "180+1"]
[EndTime "11:08:24 PST"]
[Termination "Ermito2020 won by checkmate"]

1. e4 e5 2. Nf3 Nc6 3. d4 exd4 4. Bc4 Nf6 5. O-O Nxe4 6. Re1 d5 7. Bxd5 Qxd5 8.
Nc3 Qa5 9. Nxe4 Be6 10. Neg5 O-O-O 11. Nxe6 fxe6 12. Rxe6 Bc5 13. Bg5 Rde8 14. Qe2 Kd7 15. Rxe8 Rxe8 16. Qd3 g6 17. a3 Re6 18. Rd1 Bb6 19.
b4 Qd5 20. c4 Qd6 21. c5 Bxc5 22. bxc5 Qxc5 23. Nxd4 Rd6 24. Qh3+ Qf5 25. Be3 Qxh3 26. gxh3 Ne5 27. Rb1 Rxd4 28. Bxd4 Nf3+ 29. Kg2 Nxd4 30. Rxb7 a5 31. Ra7 Nb3 32. Kf3 Kd6 33. Ke3 h5 34. h4 c5 35. Ra6+ Kd5 36. Rxg6 Kc4 37. f4 Nd4 38. Ke4 Kb3 39. Rg3+ Ka2 40. f5 a4 41. f6 Ne6 42. Kd5 Nf8 43. Kxc5 Nd7+ 44. Kb4 Nxf6 45. Kxa4 Ne4 46. Kb4 Kb2 47. a4 Kc2 48. a5 Nf2 49. a6 Kd1 50. a7 Ke2 51. a8=Q Nd3+ 52. Rxd3 Kf2 53. Qf3+ Kg1 54. Rd1+ Kxh2 55.
Rh1# 1-0

[Event "*** Titled Tuesday Blitz"]
[Site "Chess.com"]
[Date "2021.02.16"]
[Round "6"]
[White "delphin11"]
[Black "Cuajada_Zero"]
[Result "1-0"]
[WhiteElo "2623"]
[BlackElo "2238"]
[TimeControl "180+1"]
[EndTime "11:08:24 PST"]
[Termination "delphin11 won by checkmate"]

1. Nf3 d5 2. g3 c6 3. Bg2 Bg4 4. O-O Nd7 5. c4 e6 6. cxd5 exd5 7. d3 Ngf6 8. Nc3 Bc5 9. e4 O-O 10.
h3 Bh5 11. exd5 cxd5 12. d4 Bb6 13. g4 Bg6 14. Ne5 Be4 15. Nxd7 Qxd7 16. f3 Bg6 17.
Bg5 Rfe8 18. Bxf6 gxf6 19. f4 Be4 20. Re1 Kg7 21. Qd2 Bxg2 22. Kxg2 Ba5 23. Rac1 Bxc3 24. Rxc3 Rxe1 25. Qxe1 Re8 26. Re3 Rxe3 27. Qxe3 Qa4 28. g5 fxg5 29. fxg5 Qxa2 30. Qe5+ Kf8 31. Qb8+ Kg7 32.
Qxb7 Qc4 33. Qxa7 Qc2+ 34. Kf3 Qe4+ 35. Kf2 Qc2+ 36. Ke3 Qxb2 37. Qc5 Qb3+ 38. Kd2 Qa2+ 39. Kc3 Qa1+ 40. Kb4 Qb1+ 41. Ka5 Qa2+ 42. Kb6 Qb3+ 43. Kc6 Qxh3 44. Qxd5 Qg4 45. Qe5+ Kg6 46. Qf6+ Kh5 47. Qh6# 1-0

[Event "*** Titled Tuesday Blitz"]
[Site "Chess.com"]
[Date "2021.02.16"]
[Round "6"]
[White "Rsnr"]
[Black "mikolka1985"]
[Result "0-1"]
[WhiteElo "2766"]
[BlackElo "2626"]
[TimeControl "180+1"]
[EndTime "11:08:25 PST"]
[Termination "mikolka1985 won by resignation"]

1. Nf3 d5 2. c4 e6 3. d4 Nf6 4.
e3 Be7 5. b3 O-O 6. Bb2 c5 7.
Bd3 cxd4 8. exd4 Nc6 9. O-O b6 10. Nbd2 Bb7 11. Qe2 Re8 12. Rac1 Rc8 13. Rfd1 Bf8 14.
Qe3 g6 15. h3 Nd7 16. cxd5 exd5 17. Qf4 Bg7 18. Re1 Rxe1+ 19. Rxe1 Nb4 20. Bb1 Ba6 21. Qd6 Bf8 22. Qf4 Nc2 23. Rc1 Bd3 24.
Ne5 Nxe5 25. dxe5 Bg7 26. Nf3 Bf5 27. g4 Bd3 28. Qd2 Be4 29. Nh2 Qh4 30. f3 Bh6 31.
Qf2 Be3 32. Rxc2 Rxc2 33. Qxe3 Qg3+ 34. Kf1 Bd3+ 0-1

[Event "*** Titled Tuesday Blitz"]
[Site "Chess.com"]
[Date "2021.02.16"]
[Round "6"]
[White "elohunter1999"]
[Black "woodhy"]
[Result "1-0"]
[WhiteElo "2629"]
[BlackElo "2464"]
[TimeControl "180+1"]
[EndTime "11:08:25 PST"]
[Termination "elohunter1999 won by checkmate"]

1. d4 Nf6 2. c4 e6 3. Nc3 Bb4 4. Qc2 c5 5. dxc5 Na6 6. Nf3 Nxc5 7. g3 O-O 8. Bg2 Nce4 9. O-O Nxc3 10. bxc3 Bc5 11. e4 Qc7 12. e5 Ne8 13. Ng5 f5 14. exf6 Nxf6 15. Bf4 Bd6 16. Bxd6 Qxd6 17. Rad1 Qc5 18.
h4 h6 19. Ne4 Nxe4 20. Qxe4 a5 21. Qd4 Qc7 22. Rfe1 a4 23. Re4 Ra5 24. Rg4 Qe5 25. Qb6 Qc5 26. Qxc5 Rxc5 27. Rd6 Rcf5 28. f4 Rc5 29. Bf1 Kf7 30. Bd3 Rg8 31. Rg6 Ke7 32. Rb6 d5 33. g4 dxc4 34. Be4 Kd7 35. Rbxe6 Kc7 36. Re7+ Kb8 37. Rgxg7 Rxg7 38. Rxg7 Rb5 39. g5 hxg5 40. fxg5 Rb2 41. h5 Rxa2 42. h6 Ra1+ 43. Kh2 a3 44. h7 a2 45. h8=Q Rh1+ 46. Bxh1 a1=Q 47. Rxb7+ Ka8 48. Qxc8# 1-0

[Event "*** Titled Tuesday Blitz"]
[Site "Chess.com"]
[Date "2021.02.16"]
[Round "6"]
[White "AttractiveMustard"]
[Black "MatyChess1"]
[Result "0-1"]
[WhiteElo "2373"]
[BlackElo "2603"]
[TimeControl "180+1"]
[EndTime "11:08:25 PST"]
[Termination "MatyChess1 won on time"]

1. e4 c5 2. Nf3 d6 3. d4 cxd4 4. Nxd4 Nf6 5. Nc3 a6 6. Be3 e5 7. Nf3 Be7 8. Bc4 O-O 9. O-O Be6 10. Bxe6 fxe6 11. Na4 Nc6 12. Ng5 Qa5 13. Nb6 Rab8 14.
Nxe6 Rfe8 15. Nc7 Red8 16. Ne6 Re8 17. Qd3 Bd8 18. Nc4 Nb4 19. Nxa5 Nxd3 20. Nxd8 Nxb2 21. Ndxb7 Nxe4 22. Rab1 Na4 23. Rb4 Nec3 24. Bd2 d5 25. a3 Rec8 26. Re1 e4 27. f3 h6 28. Bxc3 Nxc3 29. fxe4 Nxe4 30. Re2 Rc3 31. Rb3 Rc7 32. Ree3 Nd2 33. Rbd3 Nc4 34. Nxc4 dxc4 0-1

[Event "*** Titled Tuesday Blitz"]
[Site "Chess.com"]
[Date "2021.02.16"]
[Round "6"]
[White "BikingBrian"]
[Black "kleopl"]
[Result "0-1"]
[WhiteElo "2317"]
[BlackElo "2467"]
[TimeControl "180+1"]
[EndTime "11:08:25 PST"]
[Termination "kleopl won by resignation"]

1. d4 f5 2. Nc3 Nf6 3. Bg5 d5 4. e3 Ne4 5. Nf3 c6 6. Bd3 g6 7. h4 h6 8. Bf4 Bg7 9. Be5 Nf6 10. Ne2 e6 11. c4 Nbd7 12. Bd6 dxc4 13.
Bxc4 Nb6 14. Bxe6 Qxd6 15. Bb3 Be6 16. Nf4 Qb4+ 17. Kf1 Bxb3 18. axb3 g5 19. Ne6 Qe7 20.
hxg5 Qxe6 21. gxf6 Bxf6 22. Ne5 Bxe5 23. dxe5 Nd5 24. Qh5+ Qf7 25. Qh4 h5 26. Qd4 b6 27.
b4 Qe6 28. e4 fxe4 29. Qxe4 Ne7 30. Rd1 Rd8 31. Rxd8+ Kxd8 32. Ke2 Kc7 33. Rd1 Qg4+ 34. Qxg4 hxg4 35. Ke3 Nd5+ 36. Ke4 Rf8 37. f3 gxf3 38. gxf3 Rf4+ 39. Kd3 Nxb4+ 40. Ke3 Rf8 41. Ke4 Nd5 42. b4 Rf4+ 43. Kd3 Nxb4+ 44. Ke3 Rf8 45. f4 Nd5+ 46. Ke4 Rxf4+ 47. Kd3 b5 48. Rh1 Kb6 49. e6 Rf6 50.
Re1 Rxe6 51. Rxe6 Nf4+ 52. Ke4 Nxe6 53. Ke5 a5 0-1

[Event "*** Titled Tuesday Blitz"]
[Site "Chess.com"]
[Date "2021.02.16"]
[Round "6"]
[White "garfield_pg"]
[Black "AlexSuv"]
[Result "1-0"]
[WhiteElo "2330"]
[BlackElo "2444"]
[TimeControl "180+1"]
[EndTime "11:08:26 PST"]
[Termination "garfield_pg won by resignation"]

1. e4 c5 2. Nf3 e6 3. c3 Nf6 4. e5 Nd5 5. g3 d6 6. exd6 Bxd6 7.
Bg2 O-O 8. O-O Nc6 9. Na3 b6 10. Nb5 Be7 11. c4 Nc7 12. d4 Rb8 13. Bf4 e5 14. Nxe5 Nxe5 15. Bxe5 Nxb5 16. Bxb8 Nxd4 17. Re1 Bf6 18. Be5 Bf5 19. Bxf6 Qxf6 20. Be4 Bxe4 21.
Rxe4 Rd8 22. Qg4 g6 23. Qf4 Qc6 24. Re7 Nf3+ 25. Kf1 Nxh2+ 26. Ke2 f5 27. Rd1 Rf8 28.
Rdd7 Qf6 29. Rg7+ Qxg7 30. Rxg7+ Kxg7 31. Qe5+ Kf7 32. Qc7+ Kg8 33. Qxa7 Ng4 34. Qxb6 Re8+ 35. Kf1 Rc8 36. Qe6+ Kg7 37. Qxc8 1-0

[Event "*** Titled Tuesday Blitz"]
[Site "Chess.com"]
[Date "2021.02.16"]
[Round "6"]
[White "Buffy7"]
[Black "ajdemipopushi"]
[Result "1-0"]
[WhiteElo "2649"]
[BlackElo "2369"]
[TimeControl "180+1"]
[EndTime "11:08:27 PST"]
[Termination "Buffy7 won on time"]

1. c4 c5 2. Nf3 g6 3. e3 Bg7 4. d4 Nf6 5. Nc3 O-O 6. d5 e6 7.
Be2 exd5 8. cxd5 d6 9. O-O Re8 10.
Nd2 b6 11. e4 Na6 12. Bb5 Re7 13. Re1 Nc7 14. Bf1 a6 15. a4 Rb8 16. Nc4 Nce8 17. f3 b5 18. axb5 axb5 19. Na5 Bd7 20. Nc6 Bxc6 21.
dxc6 Nc7 22. Bg5 b4 23. Na4 h6 24. Bf4 Nfe8 25. Qd2 g5 26. Bg3 Ne6 27. Bc4 Nd4 28. Kh1 Qc8 29. Bd5 Nxc6 30. h4 gxh4 31. Bxh4 Re5 32. g4 Nd4 33. Rf1 Nc7 34. Bc4 Nce6 35.
Bg3 Qd8 36. Rae1 1-0

[Event "*** Titled Tuesday Blitz"]
[Site "Chess.com"]
[Date "2021.02.16"]
[Round "6"]
[White "TC2304"]
[Black "Sadykov_Ramil"]
[Result "0-1"]
[WhiteElo "2346"]
[BlackElo "2558"]
[TimeControl "180+1"]
[EndTime "11:08:28 PST"]
[Termination "Sadykov_Ramil won by resignation"]

1. d4 d5 2. c4 e6 3. Nc3 Be7 4.
cxd5 exd5 5. Bf4 c6 6. e3 Nf6 7. Nf3 Bf5 8. h3 Nbd7 9. Qb3 Qb6 10. g4 Qxb3 11. axb3 Bc2 12. Nd2 a5 13. Be2 Nf8 14. g5 N6d7 15. Bd1 Bxd1 16. Kxd1 Ne6 17. Nf3 Nxf4 18. exf4 h6 19. Kd2 Bd6 20. Ne5 Bxe5 21. dxe5 hxg5 22. fxg5 Rh4 23. Rae1 Ke7 24. Ne2 Rah8 25.
Ng3 g6 26. Re3 Ke6 27. Ne2 d4 28. Rf3 Nxe5 29. Rf6+ Ke7 30. Nf4 Nf3+ 31. Kd3 Nxg5 32. Rxg6 fxg6 33. Nxg6+ Kd6 34. Nxh8 Rxh8 35. Kxd4 Rxh3 36.
Rxh3 Nxh3 37. f3 b5 38. Ke4 Ng5+ 39. Kf4 Ne6+ 40. Ke4 Kc5 41. f4 Nxf4 42. Kxf4 Kb4 0-1

[Event "*** Titled Tuesday Blitz"]
[Site "Chess.com"]
[Date "2021.02.16"]
[Round "6"]
[White "julinha97"]
[Black "Lysiak_Poltorak"]
[Result "0-1"]
[WhiteElo "2254"]
[BlackElo "2434"]
[TimeControl "180+1"]
[EndTime "11:08:28 PST"]
[Termination "Lysiak_Poltorak won on time"]

1. e4 c5 2. Nf3 Nc6 3. b4 e6 4. b5 Nd4 5. Nxd4 cxd4 6. Bb2 e5 7. Bc4 Nf6 8. d3 d5 9. exd5 Nxd5 10. O-O Be6 11. Re1 Bd6 12. Ba3 Bxa3 13. Nxa3 Qg5 14.
Qf3 Rd8 15. h4 Qf6 16. Qxf6 gxf6 17. Nb1 Ke7 18. Nd2 Rhg8 19. Bxd5 Bxd5 20. f3 Rc8 21.
Rec1 Rc7 22. Rab1 Bxa2 23. Ra1 Bd5 24. Rxa7 Rgc8 25. b6 Rxc2 26. Rxc2 Rxc2 27. Nc4 Bxc4 28. dxc4 Ke6 29. Kf1 Rxc4 30. Rxb7 Rb4 31. g4 Rb2 32. Rb8 Ke7 33. Ke1 f5 34. gxf5 Kf6 35. Rb7 h5 36. Kd1 Rf2 37. Rb8 Rxf3 38. Rh8 Rb3 39. Rxh5 e4 40. Rh6+ Ke5 41. Rc6 e3 42. Rc7 Rxb6 43. Rxf7 d3 44. Re7+ Kf4 0-1

[Event "*** Titled Tuesday Blitz"]
[Site "Chess.com"]
[Date "2021.02.16"]
[Round "6"]
[White "Happy1712Drummer"]
[Black "Violord"]
[Result "0-1"]
[WhiteElo "2445"]
[BlackElo "2716"]
[TimeControl "180+1"]
[EndTime "11:08:29 PST"]
[Termination "Violord won on time"]

1. Nf3 g6 2. e4 Bg7 3. d4 d6 4.
Nc3 Nf6 5. Be3 c6 6. Qd2 b5 7.
Bd3 Nbd7 8. a4 b4 9. Ne2 a5 10. h3 O-O 11. O-O c5 12. Bh6 cxd4 13.
Bxg7 Kxg7 14. Nexd4 Nc5 15. Rfe1 e5 16. Nb5 Bb7 17.
Rad1 Ra6 18. Qe3 Qe7 19. b3 Rc8 20. Nd2 h6 21. f3 Nxd3 22. cxd3 Rc2 23. Nc4 Nh5 24.
Re2 Rxe2 25. Qxe2 Nf4 26. Qd2 Bc8 27. d4 Qg5 28. Kh1 Bxh3 29. gxh3 Qh5 30. Rf1 Qxh3+ 31.
Kg1 Qg3+ 32. Kh1 d5 33. Nxe5 Rf6 34. Qf2 Qh3+ 35. Kg1 dxe4 36. Qh2 Qf5 37. Ng4 Re6 38. Qxh6+ Kg8 39. Rf2 exf3 40. Ne5 Ne2+ 41. Kf1 Qb1+ 0-1

[Event "*** Titled Tuesday Blitz"]
[Site "Chess.com"]
[Date "2021.02.16"]
[Round "6"]
[White "GameOverBro"]
[Black "Stewie_89"]
[Result "0-1"]
[WhiteElo "2433"]
[BlackElo "2614"]
[TimeControl "180+1"]
[EndTime "11:08:29 PST"]
[Termination "Stewie_89 won by resignation"]

1. e4 d5 2. exd5 Qxd5 3. Nc3 Qa5 4. d4 c6 5. Nf3 Nf6 6. Ne5 Be6 7. Nc4 Bxc4 8. Bxc4 e6 9. O-O Nbd7 10. Qf3 Be7 11. Bd2 Qb6 12. Qe3 O-O 13. Bb3 Rfe8 14. Rad1 Rad8 15. Na4 Qc7 16. c4 Nf8 17. Rfe1 Ng6 18. h3 Nh5 19. Qf3 Nf6 20. g3 Rxd4 21. Be3 Rxd1 22.
Rxd1 b6 23. Nc3 h6 24. h4 Rd8 25. Re1 Bb4 26. Bc2 Ne5 27. Qe2 Ned7 28. Bd2 Bc5 29. Kg2 Nf8 30. a3 Qd6 31. Bf4 Qe7 32. Ne4 Bd4 33. b4 Nxe4 34. Qxe4 c5 35. Rd1 f6 36. h5 e5 37. Be3 Qf7 38. Qf3 Qxc4 39. Bxd4 Qxc2 40.
bxc5 bxc5 41. Bxc5 Qxd1 42. Qb3+ Qd5+ 0-1

[Event "*** Titled Tuesday Blitz"]
[Site "Chess.com"]
[Date "2021.02.16"]
[Round "6"]
[White "Neftegor"]
[Black "monalize"]
[Result "0-1"]
[WhiteElo "2570"]
[BlackElo "2388"]
[TimeControl "180+1"]
[EndTime "11:08:29 PST"]
[Termination "monalize won on time"]

1. d4 Nf6 2. c4 d6 3. Nf3 Nbd7 4. Nc3 g6 5. e4 Bg7 6. Be2 O-O 7. O-O c6 8. Qc2 e5 9. Rd1 exd4 10. Nxd4 Qe7 11.
Bf1 Re8 12. f3 a5 13. Bg5 Ne5 14. Qd2 Qc7 15. Rac1 a4 16. Be3 Qa5 17. Qc2 Qb4 18. a3 Qa5 19. Qe2 Ned7 20. Nc2 Bf8 21. Bf4 Ne5 22.
Kh1 Nfd7 23. Ne3 Nc5 24. Rc2 Nb3 25. Na2 Qc5 26. Nb4 Nd4 27. Rxd4 Qxd4 28. c5 Nd7 29. cxd6 Qf6 30. Bg3 Bxd6 31. Ng4 Qe7 32. Bf2 Nf8 33. Nh6+ Kg7 34. Qd2 f6 35. h3 Be6 36. Ng4 Bb3 37. Qh6+ Kg8 38. Rd2 Rad8 39. Bh4 Nd7 40. e5 Bxe5 41.
Re2 Qg7 42. Qe3 Bf7 43. Qa7 c5 44. Nd3 Bd4 45. Nf4 g5 46. Re7 Rxe7 0-1

[Event "*** Titled Tuesday Blitz"]
[Site "Chess.com"]
[Date "2021.02.16"]
[Round "6"]
[White "bennyficial"]
[Black "thechesscorner64"]
[Result "0-1"]
[WhiteElo "2217"]
[BlackElo "2420"]
[TimeControl "180+1"]
[EndTime "11:08:29 PST"]
[Termination "thechesscorner64 won by checkmate"]

1. e4 c5 2. Nc3 a6 3. a4 Nc6 4. f4 e6 5. Nf3 d5 6. exd5 exd5 7. d4 cxd4 8. Nxd4 Nf6 9. Be2 Bc5 10. Be3 Qe7 11.
Qd2 O-O 12. O-O-O Re8 13. Bf2 Bb4 14. Bf3 Bg4 15. Rhe1 Qd7 16. Bxg4 Qxg4 17. Nxc6 bxc6 18. Bd4 Ne4 19. Rxe4 dxe4 20. g3 Rad8 21. Qe3 Bxc3 22. Qxc3 e3 23. Re1 e2 24. Qxc6 Re6 25. Qg2 Red6 26.
c3 Qd7 27. Qxe2 Qxa4 28. Kb1 h6 29. g4 Qb5 30. Qe3 Re6 31. Qc1 Qd3+ 32. Ka1 Rde8 33. Rxe6 Rxe6 34. Qh1 Re4 35. Ka2 a5 36. Qg2 Kh7 37. h3 Qc4+ 38. Ka3 Qd3 39. f5 a4 40. Bb6 Qb5 41. Ka2 Qb3+ 42. Ka1 Re1# 0-1

[Event "*** Titled Tuesday Blitz"]
[Site "Chess.com"]
[Date "2021.02.16"]
[Round "6"]
[White "Kislov_Oleg"]
[Black "lukas_111111"]
[Result "1-0"]
[WhiteElo "2542"]
[BlackElo "2560"]
[TimeControl "180+1"]
[EndTime "11:08:30 PST"]
[Termination "Kislov_Oleg won on time"]

1. e4 e5 2. Nf3 Nc6 3. d4 exd4 4. Nxd4 Nf6 5. Nc3 Bb4 6. Nxc6 bxc6 7. Bd3 d5 8. exd5 O-O 9. O-O Bg4 10. f3 Bh5 11. dxc6 Qd4+ 12. Kh1 Bxc3 13. bxc3 Qxc3 14. Rb1 Rad8 15.
Bb2 Qxc6 16. Re1 Bg6 17. Qe2 Nd5 18. Bxg6 Qxg6 19. Qe5 h6 20. c4 Nb6 21. Qxc7 Rd2 22.
Rg1 Rc8 23. Qxa7 Nxc4 24. Bc3 Rd3 25. Rb8 Rxb8 26. Qxb8+ Kh7 27. Ba1 Rd2 28. Qb1 f5 29. Bc3 Re2 30. Qd3 Qe6 31. a4 h5 32. a5 h4 33. h3 Na3 34. Qd4 Qf7 35. Qxh4+ Kg8 36.
Qd4 Nb5 37. Qd8+ Re8 38. Qd3 1-0

[Event "*** Titled Tuesday Blitz"]
[Site "Chess.com"]
[Date "2021.02.16"]
[Round "6"]
[White "MariaFominykh"]
[Black "NikolaMa2000"]
[Result "1/2-1/2"]
[WhiteElo "2247"]
[BlackElo "1926"]
[TimeControl "180+1"]
[EndTime "11:08:30 PST"]
[Termination "Game drawn by repetition"]

1. d4 e6 2. c4 Nf6 3. Nc3 Bb4 4. e3 O-O 5. Bd3 c5 6. Ne2 cxd4 7. exd4 d5 8. O-O Nc6 9. Bg5 h6 10. Bxf6 Qxf6 11. cxd5 Bxc3 12. dxc6 Bxb2 13. Rb1 Ba3 14.
cxb7 Rb8 15. bxc8=Q Rfxc8 16. Rxb8 Rxb8 17. Qa4 Bd6 18.
Qxa7 Qh4 19. g3 Qg4 20. Qd7 Bf8 21. Rc1 Qf3 22. Bb5 Ra8 23. a4 Qa3 24. Rc8 Qa1+ 25. Kg2 Rxc8 26. Qxc8 g6 27. Qc3 Qa2 28. a5 Qd5+ 29.
f3 Qxb5 30. Nf4 Bb4 31. Qc8+ Kg7 32. a6 Bd6 33. Qb7 Qa4 34. a7 Qc2+ 35. Kf1 Qd1+ 36. Kg2 Qc2+ 37. Kh3 Qf5+ 38. Kg2 Qc2+ 1/2-1/2

[Event "*** Titled Tuesday Blitz"]
[Site "Chess.com"]
[Date "2021.02.16"]
[Round "6"]
[White "Zkid"]
[Black "Indianlad"]
[Result "1-0"]
[WhiteElo "2828"]
[BlackElo "2920"]
[TimeControl "180+1"]
[EndTime "11:08:31 PST"]
[Termination "Zkid won by resignation"]

1. e4 c6 2. d4 d5 3. exd5 cxd5 4. Bd3 Nf6 5. c3 Bg4 6. Qb3 Qc8 7. Bf4 e6 8. Nd2 Nc6 9. Ngf3 Be7 10. O-O Bh5 11.
Ne5 Bg6 12. Nxg6 hxg6 13. Nf3 O-O 14. Rfe1 Rd8 15. Qc2 Bd6 16. Bg5 Qc7 17. Qe2 Bf4 18. g3 Bxg5 19. Nxg5 Re8 20. f4 a6 21. a4 Rab8 22. Kg2 Na5 23. h4 Nc4 24. Rh1 b5 25.
axb5 axb5 26. h5 gxh5 27. Rxh5 Kf8 28. Rh8+ Ke7 29. Rxe8+ Rxe8 30. f5 Qb6 31. fxe6 fxe6 32. Bf5 Kd7 33. Nxe6 Rxe6 34. Qxe6+ Qxe6 35. Ra7+ Kd6 36. Ra6+ Kc7 37. Rxe6 Nxb2 38. Re7+ Kd6 39. Rxg7 Nd1 40.
Rf7 Ne4 41. Bxe4 dxe4 42. g4 Nxc3 43. g5 Ke6 44. g6 Nd5 45. Rb7 Nf4+ 46. Kg3 Nxg6 47.
Rxb5 Kf6 48. Kg4 Ke6 49. Rb6+ Kf7 50. Kf5 Ne7+ 51. Kxe4 Ke8 52. Re6 1-0

[Event "*** Titled Tuesday Blitz"]
[Site "Chess.com"]
[Date "2021.02.16"]
[Round "6"]
[White "Kiborg95"]
[Black "DrVelja"]
[Result "1-0"]
[WhiteElo "2763"]
[BlackElo "2869"]
[TimeControl "180+1"]
[EndTime "11:08:31 PST"]
[Termination "Kiborg95 won by resignation"]

1. d3 Nf6 2. Nd2 g6 3. e4 d6 4. g3 Bg7 5. Bg2 O-O 6. Nh3 c5 7. O-O Nc6 8. f4 Rb8 9. Nf2 Nd7 10. h4 h5 11. g4 Nf6 12. f5 Ne5 13. gxh5 Nxh5 14. Nf3 e6 15. Bg5 f6 16. Nxe5 dxe5 17. fxg6 Ng3 18. Be3 f5 19. Bg5 Bf6 20. Nh3 Nxf1 21.
Qh5 Qe7 22. Rxf1 f4 23. Nf2 Bxg5 24. hxg5 Qg7 25. Ng4 Qh8 26. Qh6 Bd7 27. Rf3 Be8 28. Rh3 Qxh6 29. Rxh6 Kg7 30. Nxe5 Rh8 31. Rxh8 Kxh8 32.
Bh3 Kg7 33. Bxe6 Bxg6 34. Bf5 Bh5 35. Kf2 Bd1 36. c3 Rd8 37. Ke1 Bc2 38. Kd2 Bb1 39. a3 f3 40. Nxf3 Bxd3 41. Ke3 Bc2 42. Ne5 b5 43. Nd7 c4 44. g6 Ba4 45. Nc5 Bd1 46. Ne6+ 1-0

[Event "*** Titled Tuesday Blitz"]
[Site "Chess.com"]
[Date "2021.02.16"]
[Round "6"]
[White "stoleriu"]
[Black "shaheus"]
[Result "1-0"]
[WhiteElo "2609"]
[BlackElo "2413"]
[TimeControl "180+1"]
[EndTime "11:08:32 PST"]
[Termination "stoleriu won on time"]

1. e4 c5 2. Nf3 Nc6 3. Bb5 g6 4. Bxc6 dxc6 5. d3 Bg7 6. h3 Nf6 7. O-O O-O 8. Be3 b6 9. Nbd2 Ne8 10. Rb1 Nc7 11. a4 h6 12. Nc4 Ne6 13. Qd2 Kh7 14. Rfd1 Nd4 15. Bxd4 cxd4 16. c3 dxc3 17. bxc3 Qc7 18.
d4 Rd8 19. Qe3 Ba6 20. Nce5 f6 21. Nd3 Rd7 22. Nf4 Bc4 23. d5 cxd5 24. exd5 Qd6 25. Rb4 Ba6 26. Re4 e5 27. Nxg6 Kxg6 28. Nh4+ Kh7 29.
Nf5 Qf8 30. Rg4 Rc8 31. Qe4 Kh8 32. Nh4 Qf7 33. d6 Rc4 34. Ng6+ Kg8 35. Qa8+ Rc8 36. Qf3 Qe6 37. Ne7+ Rxe7 38. dxe7 Qxe7 39. Qd5+ Qf7 40. Qxf7+ Kxf7 41. Rd7+ Ke6 42. Rgxg7 Rxc3 43. g4 1-0

[Event "*** Titled Tuesday Blitz"]
[Site "Chess.com"]
[Date "2021.02.16"]
[Round "6"]
[White "m_ezat"]
[Black "AniJak"]
[Result "1-0"]
[WhiteElo "2483"]
[BlackElo "2320"]
[TimeControl "180+1"]
[EndTime "11:08:32 PST"]
[Termination "m_ezat won by checkmate"]

1. d4 d5 2. c4 c6 3. Nc3 Nf6 4.
cxd5 cxd5 5. Bf4 a6 6. e3 Nc6 7. Bd3 Bg4 8. f3 Bd7 9. Nge2 e6 10.
O-O Nh5 11. Be5 f6 12. Bf4 Nxf4 13. Nxf4 Bd6 14. Nfe2 b5 15. a3 Qb6 16. Kh1 O-O 17.
Qc2 f5 18. Qd2 b4 19. Na4 Qa5 20. Rg1 bxa3 21. Qxa5 Nxa5 22. Nc5 Bxc5 23. dxc5 Nb3 24.
Rxa3 Nxc5 25. Bc2 Rab8 26. Rb1 e5 27. Kg1 Bb5 28. Nc3 d4 29. exd4 exd4 30. Nd5 d3 31.
Bd1 g6 32. b4 Ne6 33. Bb3 Nd4 34. Ba2 Kg7 35. Nc7 d2 36. Rd1 Rfd8 37. Kf2 Nc2 38. Rc3 Ne1 39. Ne6+ Kf6 40. Nxd8 Rxd8 41. f4 Nd3+ 42.
Ke3 Nxb4 43. Bb3 Re8+ 44. Kxd2 Re2+ 45. Kc1 Rxg2 46. Rc7 Nd3+ 47. Rxd3 Bxd3 48. Rf7# 1-0

[Event "*** Titled Tuesday Blitz"]
[Site "Chess.com"]
[Date "2021.02.16"]
[Round "6"]
[White "novocane"]
[Black "anskam"]
[Result "1-0"]
[WhiteElo "2254"]
[BlackElo "1717"]
[TimeControl "180+1"]
[EndTime "11:08:32 PST"]
[Termination "novocane won on time"]

1. d4 Nf6 2. c4 g6 3. Nc3 Bg7 4. e4 d6 5. f3 Nbd7 6. Bg5 h6 7. Be3 e5 8. d5 O-O 9. Qd2 Kh7 10. h4 Ng8 11. h5 g5 12. g4 f6 13. Nge2 b6 14.
Ng3 Nc5 15. b4 Nb7 16. Nf5 Bxf5 17. exf5 Qd7 18. Bd3 Kh8 19. Ne4 Ne7 20. O-O a5 21. a3 Ra7 22. Nc3 axb4 23. axb4 Rfa8 24. Qb2 Qc8 25. Nb5 Ra4 26. Rxa4 Rxa4 27. Ra1 Rxa1+ 28.
Qxa1 Qb8 29. Qa7 Qxa7 30. Nxa7 Kg8 31. Be4 Nd8 32. Nb5 c5 33. Nxd6 cxb4 34. Bxb6 Nf7 35.
Nxf7 Kxf7 36. d6 Nc8 37. c5 Nxb6 38. cxb6 1-0

[Event "*** Titled Tuesday Blitz"]
[Site "Chess.com"]
[Date "2021.02.16"]
[Round "6"]
[White "Hangar-18"]
[Black "TST2014"]
[Result "0-1"]
[WhiteElo "2370"]
[BlackElo "2573"]
[TimeControl "180+1"]
[EndTime "11:08:33 PST"]
[Termination "TST2014 won on time"]

1. c4 Nf6 2. Nc3 e5 3. Nf3 Nc6 4. e4 Bb4 5. d3 d6 6. a3 Ba5 7. b4 Bb6 8. Na4 Bd4 9. Nxd4 Nxd4 10. Be2 c5 11. Nc3 h6 12. O-O O-O 13. f4 cxb4 14.
axb4 Qb6 15. Kh1 Qxb4 16. Nb5 Nxb5 17. cxb5 Qxb5 18. fxe5 Qxe5 19. Be3 Nd5 20. Bd2 Nc3 21. Qe1 Nxe2 22. Qxe2 a5 23. Rac1 a4 24. Bc3 Qg5 25. Qb2 a3 26. Qa1 a2 27. Rf3 g6 28. Rg3 Qb5 29.
Bh8 f6 30. Bxf6 Kh7 31. Bc3 Be6 32. h4 Rac8 33. h5 g5 34. Re3 Rf2 35. Ree1 Qb3 36. Bf6 Rxc1 37. Qxc1 Qc2 38. Qxc2 Rxc2 39. d4 d5 40.
exd5 Bxd5 41. Re7+ Kg8 0-1

[Event "*** Titled Tuesday Blitz"]
[Site "Chess.com"]
[Date "2021.02.16"]
[Round "6"]
[White "nonsopolo1"]
[Black "MuhittinBuker"]
[Result "0-1"]
[WhiteElo "2260"]
[BlackElo "2079"]
[TimeControl "180+1"]
[EndTime "11:08:33 PST"]
[Termination "MuhittinBuker won on time"]

1. e4 e5 2. Nf3 Nc6 3. Bb5 a6 4. Ba4 Nf6 5. d3 b5 6. Bb3 Be7 7. O-O O-O 8. c3 d6 9. h3 Na5 10. Bc2 c5 11. Re1 Nc6 12. Nbd2 a5 13. a4 b4 14. Nc4 Ba6 15. Ne3 d5 16. Nf5 bxc3 17. bxc3 d4 18. Bd2 Re8 19. Rb1 Qc7 20. cxd4 cxd4 21. Rc1 Qb6 22. Bg5 Bd8 23. Bb3 Nb4 24. Bc4 Rc8 25. Qb3 Bxc4 26. Rxc4 Rxc4 27. Qxc4 Qa6 28. Qb5 Qxb5 29. axb5 Nxd3 30. Rb1 Nxe4 31.
Bxd8 Rxd8 32. b6 Nc3 33. Rb3 a4 34. Ra3 Rb8 35. Ne7+ Kf8 36. Nc6 Rxb6 37. Nfxe5 Nxe5 38. Nxe5 Rb3 39. Ra1 a3 40. Nc4 a2 41. Nd2 Rb2 0-1